 Dungeon Crawl Stone Soup version 0.28-a0-297-g99b01970c5 (webtiles) character file.

Game seed: 10741128607236347470

97 Hastur the Skirmisher (level 4, -2/39 HPs)
             Began as a Demonspawn Monk on Aug 29, 2021.
             Killed from afar by Ijyb (7 damage)
             ... with a puff of flame
             ... on level 3 of the Dungeon.
             The game lasted 00:14:05 (3340 turns).

Hastur the Skirmisher (Demonspawn Monk)             Turns: 3340, Time: 00:14:06

Health: -2/39      AC:  3    Str: 12    XL:     4   Next: 42%
Magic:  4/4        EV: 13    Int: 14    God:
Gold:   61         SH:  0    Dex: 15    Spells: 3/3 levels left

rFire   . . .      SeeInvis .   a - +0 short sword
rCold   . . .      Faith    .   (no shield)
rNeg    . . .      Spirit   .   i - +0 robe
rPois   .          Reflect  .   (no helmet)
rElec   .          Harm     .   (no cloak)
rCorr   .          Rampage  .   (no gloves)
Will    .....                   e - +0 pair of boots
Stlth   ++........              (no amulet)
HPRegen 0.13/turn               (no ring)
MPRegen 0.09/turn               (no ring)

@: mighty
A: powered by pain 1, big brain 1
a: no special abilities


You were on level 3 of the Dungeon.
You visited 1 branch of the dungeon, and saw 3 of its levels.

You collected 61 gold pieces.

Inventory:

Hand Weapons
 a - a +0 short sword (weapon)
 b - a +0 hunting sling
   (You took it off a goblin on level 2 of the Dungeon)
Missiles
 c - 14 arrows
 h - 80 stones
 k - 3 boomerangs
 l - 6 poisoned darts (quivered)
Armour
 e - a +0 pair of boots (worn)
   (You found it on level 1 of the Dungeon)
 i - a +0 robe (worn)
 j - a +0 ring mail
   (You found it on level 2 of the Dungeon)
 m - a +0 helmet
   (You took it off Robin on level 2 of the Dungeon)
Scrolls
 f - a scroll of teleportation {@r4}
 g - a scroll of acquirement {unknown}


   Skills:
 + Level 5.0 Fighting
 - Level 2.6 Short Blades
 - Level 3.0 Dodging
 - Level 2.0 Stealth


You had 3 spell levels left.
You didn't know any spells.
Your spell library was empty.

Dungeon Overview and Level Annotations

Branches:
Dungeon (3/15)

Altars:

Annotations:
D:3 Ijyb


Innate Abilities, Weirdness & Mutations

You sometimes gain a little power by taking damage.
You have an unusually large brain. (Int +2)


Message History

a +0 dagger; a goblin corpse Throw: 11 darts (poison)
Aim: Ijyb, wielding a +0 club, wearing a +0 scale mail and carrying a wand of flame (6) (unusually resistant, 57% to hit)
You throw a poisoned dart. The poisoned dart barely misses Ijyb.
Throw: 10 darts (poison)
Aim: Ijyb, wielding a +0 club, wearing a +0 scale mail and carrying a wand of flame (6) (unusually resistant, 57% to hit)
You throw a poisoned dart. The poisoned dart closely misses Ijyb.
Throw: 9 darts (poison)
Aim: Ijyb, wielding a +0 club, wearing a +0 scale mail and carrying a wand of flame (6) (unusually resistant, 57% to hit)
You throw a poisoned dart. The poisoned dart closely misses Ijyb.
There is a stone staircase leading up here.
You start resting.
Ijyb is nearby!
Throw: 8 darts (poison)
Aim: Ijyb, wielding a +0 club, wearing a +0 scale mail and carrying a wand of flame (6) (unusually resistant, 57% to hit)
You throw a poisoned dart. The poisoned dart closely misses Ijyb.
Throw: 7 darts (poison)
Aim: Ijyb, wielding a +0 club, wearing a +0 scale mail and carrying a wand of flame (6) (unusually resistant, 57% to hit)
You throw a poisoned dart. The poisoned dart hits Ijyb.
Ijyb is no longer unusually resistant.
b - a +0 hunting sling (weapon)
Ijyb hits you with a +0 club.
* * * LOW HITPOINT WARNING * * *
Really attack while wielding your +0 hunting sling?
Okay, then.
a - a +0 short sword (weapon)
You hit Ijyb but do no damage.
Ijyb zaps a wand.
The puff of flame misses you.
You closely miss Ijyb. Ijyb hits you with a +0 club.
* * * LOW HITPOINT WARNING * * *
You hit Ijyb.
Ijyb zaps a wand.
The puff of flame misses you.
You closely miss Ijyb.
Ijyb zaps a wand.
The puff of flame hits you!
* * * LOW HITPOINT WARNING * * *
You focus on the pain.
You feel very mighty all of a sudden.
You feel better. Ijyb closely misses you.
You barely miss Ijyb. Ijyb misses you.
You barely miss Ijyb. Ijyb hits you with a +0 club.
* * * LOW HITPOINT WARNING * * *
You hit Ijyb but do no damage. Ijyb hits you with a +0 club.
* * * LOW HITPOINT WARNING * * *
You puncture Ijyb!
Ijyb zaps a wand.
The puff of flame hits you!
You die...

#.# #(# #.# #(#
#.###(######
#....g.....#
########.##.#.#
#.......(...#.#
##.#####(##.#.#
#########.####g....#.#
............)@..##.#.#
................##.#.###
.......#.####.........#
##.......####.....#.###
................###.#
#.#..............#.#
#.#............#.#.###
#..#...............#
##.#.................##


You could see Ijyb.

Vanquished Creatures
  Jessica (D:2)
  Robin (D:2)
  2 worms (D:2)
  2 dart slugs (D:2)
  3 endoplasms
  8 goblins
  7 hobgoblins
  5 jackals
  2 quokkas (D:1)
  4 ball pythons
  2 bats
  A frilled lizard (D:1)
  3 kobolds
  5 rats
46 creatures vanquished.

Notes
Turn   | Place    | Note
-------+----------+-------------------------------------------
     0 | D:1      | Hastur the Demonspawn Monk began the quest for the Orb.
     0 | D:1      | Reached XP level 1. HP: 18/18 MP: 1/1
   659 | D:1      | Gained mutation: You sometimes gain a little power by
                  | taking damage. [demonic ancestry]
   659 | D:1      | Reached XP level 2. HP: 21/24 MP: 2/2
  1727 | D:2      | Found a faded altar of an unknown god.
  1877 | D:2      | Reached XP level 3. HP: 13/30 MP: 3/3
  2250 | D:2      | Reached skill level 4 in Fighting
  2736 | D:2      | Noticed Jessica
  2749 | D:2      | Killed Jessica
  2750 | D:2      | Gained mutation: You have an unusually large brain. (Int
                  | +2) [demonic ancestry]
  2750 | D:2      | Reached XP level 4. HP: 20/38 MP: 4/4
  3086 | D:3      | Noticed Robin
  3195 | D:2      | Killed Robin
  3196 | D:2      | Reached skill level 5 in Fighting
  3272 | D:3      | Noticed Ijyb
  3340 | D:3      | Killed from afar by Ijyb

Illustrated notes

Levels and vault maps discovered:
D:1:      nagdon_arrival_zigzag_paths, layout_loops_ring
D:2:      layout_loops_cross, basic_ecumenical_altar,
          kennysheep_decorative_pillar, uniq_jessica
D:3:      gammafunk_steamed_eel, layout_basic, minmay_goblin_outpost,
          uniq_robin, uniq_terence, uniq_ijyb

Skill      XL: |  1  2  3  4 |
---------------+-------------+-----
Stealth        | 2 |  2.0
Dodging        | 3 |  3.0
Fighting       | 4 5 |  5.0
Short Blades   | |  2.6

Action                   |  1- 3 |  4- 6 || total
-------------------------+-------+-------++-------
Melee: Short sword       |   149 |    25 ||   174
 Fire: Hunting sling     |    30 |    20 ||    50
Throw: Stone             |     6 |       ||     6
       Dart              |       |     9 ||     9
  Use: Scroll            |     1 |     1 ||     2
       Potion            |       |     1 ||     1
 Stab: Sleeping          |     4 |       ||     4
Armor: Robe              |    22 |     5 ||    27
Dodge: Dodged            |   105 |    24 ||   129

Table legend: (Time is in decaauts)
 A = Elapsed time spent in this place.
 B = Non-inter-level travel time spent in this place.
 C = Inter-level travel time spent in this place.
 D = Time resting spent in this place.
 E = Time spent auto-exploring this place.
 F = Levels seen in this place.
 G = Mean time per level.
                   A        B        C        D        E       F      G
               +--------+--------+--------+--------+--------+-----+--------+
         Total |   3343 |   3287 |     56 |   1047 |    933 |   3 | 1114.3 |
       Dungeon |   3343 |   3287 |     56 |   1047 |    933 |   3 | 1114.3 |
               +--------+--------+--------+--------+--------+-----+--------+

Top non-repeatable levels by time:
     D:1: 1724 daAuts
     D:2: 1303 daAuts
     D:3: 316 daAuts
